 Dungeon Crawl Stone Soup version 0.32-a0-39-g5c88369fb2 (webtiles) character file.

Game seed: 12699445725725183245

1051 Gargoyl the Chopper (level 8, -4/73 HPs)
             Began as a Gargoyle Berserker on Feb 3, 2024.
             Was a Priest of Trog.
             Slain by a two-headed ogre
             ... wielding a +0 giant spiked club
              (30 damage)
             ... on level 6 of the Dungeon.
             The game lasted 00:05:55 (4669 turns).

Gargoyl the Chopper (Gargoyle Berserker)            Turns: 4669, Time: 00:05:56

Health: -4/73      AC: 12    Str: 21    XL:     8   Next: 26%
Magic:  8/8        EV:  9    Int:  8    God:    Trog [***...]
Gold:   281        SH:  9    Dex: 11    Spells: 7/7 levels left

rFire   . . .        a - +1 hand axe
rCold   . . .        e - +1 kite shield
rNeg    + . .        d - +0 scale mail
rPois   ∞            (no helmet)
rElec   +            (no cloak)
rCorr   .            (no gloves)
SInv    .            (no boots)
Will    ++...        (no amulet) Stlth
                     (no ring)
HPRegen 1.32/turn    (no ring)
MPRegen 0.11/turn

%: no passive effects
@: berserking, strong-willed, regenerating, very quick
A: sickness immunity, AC +5, negative energy resistance 1, electricity
resistance, torment resistance 1, petrification resistance
a: Renounce Religion, Berserk, Trog's Hand


You were on level 6 of the Dungeon.
You worshipped Trog.
Trog was most pleased with you.
You visited 1 branch of the dungeon, and saw 6 of its levels.

You collected 281 gold pieces.

Inventory:

Hand Weapons
 a - a +1 hand axe (weapon)
 h - a +3 quarterstaff of chaos
Armour
 d - a +0 scale mail (worn)
 e - a +1 kite shield (worn)
 i - a +2 cloak
Jewellery
 l - a ring of protection from cold
Wands
 m - a wand of quicksilver (10)
 q - a wand of mindburst (14)
Scrolls
 f - a scroll of poison
 j - a scroll of teleportation
Potions
 b - a potion of invisibility {unknown}
 c - 3 potions of enlightenment
 k - a potion of curing
 p - a potion of degeneration
 r - a potion of heal wounds {unknown}


   Skills:
 + Level 5.1 Fighting
 + Level 6.2 Axes
 + Level 5.1 Armour
 + Level 2.7 Dodging
 + Level 3.4 Shields


You had 7 spell levels left.
You didn't know any spells.
Your spell library was empty.

Dungeon Overview and Level Annotations

Branches:
Dungeon (6/15)             Temple (0/1) D:4

Altars:
The Shining One


Innate Abilities, Weirdness & Mutations

You are immune to sickness and miasma.
Your stone body is resilient. (AC +5)
You are immune to poison.
You resist negative energy. (rN+)
You are resistant to electric shocks. (rElec)
You are resistant to unholy torment.
You are immune to petrification.


Message History

You block the scorpion's attack.
The scorpion stings you but does no damage.
You slash the scorpion!
You kill the scorpion!
Trog accepts your kill.
Key pressed, stopping explore.
Done exploring.
Done exploring.
What level of the Dungeon? (default 5, ? - help)
There is a stone staircase leading down here.
You climb downwards.
You hear the hiss of flowing sand.
There is an entrance to an ossuary on this level.
Hurry and find it before the portal is buried!
Found 3 scrolls of identify.
Found an escape hatch in the ceiling.
Found a stone staircase leading down.
There is a stone staircase leading up here.
A two-headed ogre comes into view.
It is wielding a +0 giant spiked club and a +0 giant club.
The two-headed ogre shouts in stereo!
You see here 3 scrolls of identify.
Your skin crawls.
You feel strong-willed.
A red film seems to cover your vision as you go berserk!
You feel yourself moving faster!
You feel mighty!
You slash the two-headed ogre!
The two-headed ogre is moderately wounded.
You closely miss the two-headed ogre.
The two-headed ogre is moderately wounded.
You block the two-headed ogre's attack. x2
You hit the two-headed ogre.
The two-headed ogre is moderately wounded.
You closely miss the two-headed ogre.
The two-headed ogre is moderately wounded.
The two-headed ogre hits you with a +0 giant spiked club!!
The two-headed ogre hits you with a +0 giant club!!
You barely miss the two-headed ogre.
The two-headed ogre is moderately wounded.
You slash the two-headed ogre!
The two-headed ogre is heavily wounded.
The two-headed ogre hits you with a +0 giant spiked club!!
You die...

## .. .#
.# .# .#
###O######
#.@.......
#<....####
#.....#
.....>#
.......#
###.....#
....#.#
#...#.#
...<. #


You could see a two-headed ogre.

Vanquished Creatures
  2 black bears
  A centaur (D:5)
  2 ogres
  2 scorpions
  2 hounds (D:5)
  A bombardier beetle (D:5)
  Crazy Yiuf (D:2)
  2 iguanas (D:5)
  A sleepcap (D:5)
  2 orc wizards (D:5)
  15 adders
  An ufetubus (D:5)
  3 dart slugs
  A ribbon worm (D:3)
  7 orcs
  12 ball pythons
  3 bats
  4 endoplasms
  4 giant cockroaches
  9 goblins
  7 hobgoblins
  10 jackals
  3 quokkas
  2 frilled lizards
  4 kobolds
  10 rats
111 creatures vanquished.

Vanquished Creatures (others)
  An orc wizard (D:5)
  An ufetubus (D:5)
2 creatures vanquished.

Grand Total: 113 creatures vanquished

Notes
Turn   | Place    | Note
-------+----------+-------------------------------------------
     0 | D:1      | Gargoyl the Gargoyle Berserker began the quest for the Orb.
     0 | D:1      | Reached XP level 1. HP: 14/14 MP: 1/1
   104 | D:1      | Reached XP level 2. HP: 16/19 MP: 2/2
   200 | D:1      | Reached skill level 3 in Axes
   457 | D:1      | Reached XP level 3. HP: 24/24 MP: 3/3
   460 | D:1      | Reached ** piety under Trog
  1039 | D:2      | Reached XP level 4. HP: 29/29 MP: 4/4
  1725 | D:2      | Found a runed translucent door.
  1726 | D:2      | Noticed Crazy Yiuf
  1736 | D:2      | Killed Crazy Yiuf
  1737 | D:2      | Reached skill level 4 in Axes
  1737 | D:2      | Reached XP level 5. HP: 33/33 MP: 5/5
  1830 | D:3      | HP: 1/33 [orc/+0 hand axe (5)]
  2165 | D:3      | Reached *** piety under Trog
  2290 | D:3      | Found a glowing golden altar of the Shining One.
  2621 | D:4      | Reached skill level 1 in Shields
  2684 | D:4      | Reached XP level 6. HP: 35/38 MP: 6/6
  2888 | D:4      | Found a staircase to the Ecumenical Temple.
  3141 | D:4      | Identified the +0 leather armour of Good Intentions {Str-2
                  | Dex+2 Slay+3 Stlth+}
  3303 | D:4      | Noticed a black bear
  3313 | D:4      | Killed a black bear
  3314 | D:4      | Reached skill level 5 in Axes
  3314 | D:4      | Reached XP level 7. HP: 44/44 MP: 7/7
  3491 | D:5      | Entered Level 5 of the Dungeon
  3982 | D:5      | Reached XP level 8. HP: 48/48 MP: 8/8
  4078 | D:5      | Reached skill level 5 in Fighting
  4078 | D:5      | Reached skill level 6 in Axes
  4078 | D:5      | Reached skill level 5 in Armour
  4661 | D:6      | Noticed a two-headed ogre
  4669 | D:6      | Slain by a two-headed ogre

Illustrated notes

Levels and vault maps discovered:
D:1:      dpeg_arrival_water_temple_mockup, layout_basic,
          hangedman_decor_clover_reticule, serial_bayou_pond_e,
          minmay_rat_gold_closets
D:2:      layout_basic, uniq_crazy_yiuf_cottage
D:3:      layout_basic, tso_metal_star
D:4:      black_bear_nest_1, layout_gridville, temple_pool_b,
          grunt_decor_mini_mirrors, minmay_snake_closets
D:5:      layout_basic, chequers_mini_garden
D:6:      layout_basic, serial_shops, shop, shop, shop,
          nicolae_ossuary_entry_ruins

Skill      XL: |  1  2  3  4  5  6  7  8 |
---------------+-------------------------+-----
Axes           | 3 4 5 6 |  6.2
Dodging        | 2 |  2.7
Armour         | 3 4 5 |  5.1
Fighting       | 4 5 |  5.1
Shields        | 1 2 3 |  3.4

Action                     |  1- 3 |  4- 6 |  7- 9 || total
---------------------------+-------+-------+-------++-------
  Melee: Hand axe          |   104 |   201 |   105 ||   410
         Punch             |     1 |       |       ||     1
 Invoke: Berserk           |       |     3 |     4 ||     7
         Trog's Hand       |       |       |     2 ||     2
    Use: Scroll            |     2 |     8 |     5 ||    15
         Potion            |       |     1 |       ||     1
 Armour: Animal skin       |    22 |       |       ||    22
         Scale mail        |    64 |   166 |    91 ||   321
  Dodge: Dodged            |    57 |    85 |    59 ||   201
  Block: Kite shield       |       |    75 |    66 ||   141

Table legend: (Time is in decaauts)
 A = Elapsed time spent in this place.
 B = Non-inter-level travel time spent in this place.
 C = Inter-level travel time spent in this place.
 D = Time resting spent in this place.
 E = Time spent auto-exploring this place.
 F = Levels seen in this place.
 G = Mean time per level.
                   A        B        C        D        E       F      G
               +--------+--------+--------+--------+--------+-----+--------+
         Total |   4784 |   4617 |    167 |     45 |   3441 |   6 |  797.3 |
       Dungeon |   4784 |   4617 |    167 |     45 |   3441 |   6 |  797.3 |
               +--------+--------+--------+--------+--------+-----+--------+

Top non-repeatable levels by time:
     D:5: 1212 daAuts
     D:1: 1037 daAuts
     D:4: 1037 daAuts
     D:2: 788 daAuts
     D:3: 701 daAuts
     D:6: 7 daAuts
